 Dungeon Crawl Stone Soup version 0.21.0-3-g78d12a8bdd (console) character file.

1050 Argmax the Slasher (level 8, 0/61 HPs)
             Began as a Grey Draconian Skald on Jan 13, 2018.
             Slain by a sky beast (5 damage)
             ... on level 5 of the Dungeon.
             The game lasted 00:42:37 (6588 turns).

Argmax the Slasher (Grey Draconian Skald)           Turns: 6588, Time: 00:42:38

Health: 0/61       AC: 12    Str: 14    XL:     8   Next: 5%
Magic:  7/11       EV: 12    Int: 14    God:
Gold:   146        SH:  6    Dex: 12    Spells: 2/11 levels left

rFire    . . .     SeeInvis .   a - +0 falchion
rCold    . . .     Gourm    .   A - +1 buckler
rNeg     . . .     Faith    .   (armour unavailable)
rPois    .         Spirit   .   (helmet restricted)
rElec    .         Reflect  .   B - +0 cloak
rCorr    .         Harm     .   (no gloves)
MR       .....                  (no boots)
Stlth    +.........             (no amulet)
HPRegen  0.20/turn              (no ring)
MPRegen  0.12/turn              (no ring)

@: no status effects
A: walk through water, unfitting armour, unbreathing, cold-blooded, AC +11
a: no special abilities


You were on level 5 of the Dungeon.
You were not hungry.

You visited 1 branch of the dungeon, and saw 5 of its levels.

You collected 146 gold pieces.

Inventory:

Hand Weapons
 a - a +0 falchion (weapon)
 b - a +0 hunting sling
Missiles
 d - 30 sling bullets
 h - 122 stones
 m - 10 javelins (quivered)
 p - 4 tomahawks
 z - 3 poisoned tomahawks
Armour
 A - a +1 buckler (worn)
 B - a +0 cloak (worn)
Scrolls
 q - a scroll of magic mapping {unknown}
 w - a scroll of remove curse {unknown}
 x - 2 scrolls of identify
 y - a scroll of teleportation {unknown}
Potions
 e - 11 potions of curing
 f - a potion of magic {unknown}
 g - 2 potions of heal wounds
 i - a potion of mutation {unknown}
 j - a potion of cancellation {unknown}
 l - a potion of brilliance {unknown}
 n - 2 potions of resistance
 o - a potion of agility {unknown}
 r - 2 potions of ambrosia {unknown}
 s - a potion of might {unknown}
 t - a potion of haste {unknown}
Books
 k - a book of Battle

   Spells                             Type                      Level
   a - Infusion                       Charms                       1
   b - Shroud of Golubria             Charms/Translocation         2
   c - Song of Slaying                Charms                       2
   d - Spectral Weapon                Hexes/Charms                 3
   e - Regeneration                   Charms/Necromancy            3
Comestibles
 c - 6 rations
 u - 2 chunks of flesh


   Skills:
 - Level 2.1 Fighting
 * Level 5.7 Long Blades
 - Level 2.1 Dodging
 - Level 4.0 Shields
 - Level 2.0 Spellcasting
 - Level 4.0 Hexes
 + Level 4.7 Charms


You had 2 spell levels left.
You knew the following spells:

 Your Spells              Type           Power        Failure   Level  Hunger
a - Infusion              Chrm           ##..         3%          1    ##.....
b - Song of Slaying       Chrm           ##......     4%          2    ###....
c - Spectral Weapon       Hex/Chrm       ##......     12%         3    ####...
d - Regeneration          Chrm/Necr      #.........   26%         3    ####...


Dungeon Overview and Level Annotations

Branches:
Dungeon (5/15)
 Temple: D:4-7

Altars:
Xom

Annotations:
D:5 2 exclusions


Innate Abilities, Weirdness & Mutations

You can walk through water.
Your dull iron-grey scales are very hard. (AC +11)
You cannot fit into any form of body armour.
You can survive without breathing.
You are cold-blooded and may be slowed by cold attacks.


Message History

Deactivating autopickup; reactivate with Ctrl-A.
Something hits you but does no damage.
You completely miss something.
Your tail-slap misses something.
Something hits you.
* * * LOW HITPOINT WARNING * * *
Something shocks you.
* * * LOW HITPOINT WARNING * * *
Okay, then.
There is an open door here.
Something hits your spectral weapon.
Your spectral weapon shares its damage with you!
Something shocks your spectral weapon.
Your spectral weapon resists.
Your spectral weapon shares its damage with you!
* * * LOW HITPOINT WARNING * * *
Your magical contamination has completely faded away.
Your spectral weapon fades away.
You hit something. Something hits you.
* * * LOW HITPOINT WARNING * * *
Something shocks you.
You die...

... ....#.....#......
.....#.....#...### .. #...###
#.....#...#.. ..###...#
#.....#...#.. ........
.#.....#...#.. .......
.+..)..#...#.. #. #....#
..#....[#...#.. .
#..##....##..#.....#...#..
.#............#.....#####..
'..(.....@...#.........[..
#####'#####'#####............
.............................
.............................
.................####'###+###
.................#...........
.................#...........
....######.......#.....####+#
##+ #.......#########...
######### #....


There were no monsters in sight!

Vanquished Creatures
  A hungry ghost (D:3)
  3 phantoms
  An ogre (D:5)
  A scorpion (D:4)
  A crimson imp (D:5)
  A hound (D:4)
  2 centaur zombies (D:5)
  An orc wizard (D:4)
  An orc priest (D:5)
  An iguana (D:4)
  4 worker ants
  2 hound skeletons (D:4)
  3 gnolls
  A howler monkey skeleton (D:5)
  6 adders
  A shadow imp (D:5)
  3 dart slugs
  A leopard gecko (D:3)
  18 orcs
  3 giant cockroaches
  5 hobgoblins
  3 jackals (D:5)
  5 kobolds
  A quokka (D:5)
  5 bats (D:1)
  9 frilled lizards
  10 goblins
  5 rats
98 creatures vanquished.

Vanquished Creatures (others)
  3 iguanas (D:5)
  A jackal (D:5)
  2 spectral weapons
6 creatures vanquished.

Grand Total: 104 creatures vanquished

Notes
Turn   | Place    | Note
-------+----------+-------------------------------------------
     0 | D:1      | Argmax the Draconian Skald began the quest for the Orb.
     0 | D:1      | Reached XP level 1. HP: 17/17 MP: 3/3
   260 | D:1      | Reached XP level 2. HP: 24/24 MP: 5/5
   269 | D:1      | Learned a level 2 spell: Song of Slaying
   912 | D:1      | Reached skill level 3 in Long Blades
  1163 | D:2      | Reached XP level 3. HP: 29/29 MP: 6/6
  1726 | D:2      | Reached XP level 4. HP: 33/36 MP: 3/7
  2150 | D:2      | Reached skill level 4 in Long Blades
  3077 | D:3      | Noticed a hungry ghost
  3204 | D:3      | Learned a level 3 spell: Spectral Weapon
  3252 | D:3      | Killed a hungry ghost
  3252 | D:3      | Reached XP level 5. HP: 26/41 MP: 2/8
  3900 | D:4      | Noticed a phantom
  3917 | D:4      | Reached XP level 6. HP: 25/48 MP: 2/9
  4505 | D:4      | Learned a level 3 spell: Regeneration
  4803 | D:4      | Reached skill level 1 in Shields
  5453 | D:4      | Your scales start taking on a dull iron-grey colour.
  5453 | D:4      | Reached XP level 7. HP: 55/55 MP: 6/10
  5453 | D:4      | Gained mutation: You can survive without breathing. [Grey Draconian growth]
  5738 | D:5      | Entered Level 5 of the Dungeon
  5738 | D:5      | Found a shimmering altar of Xom.
  6175 | D:5      | Reached skill level 5 in Long Blades
  6433 | D:5      | Noticed a gargoyle
  6531 | D:5      | Reached XP level 8. HP: 57/61 MP: 7/11
  6588 | D:5      | Slain by a sky beast

Skill      XL: |  1  2  3  4  5  6  7 |
---------------+----------------------+-----
Charms         | 3 4 |  4.7
Long Blades    | 3 4 5 |  5.7
Hexes          | 2 4 |  4.0
Shields        | 2 4 |  4.0
Fighting       | |  2.1
Dodging        | |  2.1
Spellcasting   | |  2.0

Action                   |  1- 3 |  4- 6 |  7- 9 || total
-------------------------+-------+-------+-------++-------
Melee: Falchion          |    81 |   196 |    96 ||   373
       Tailslap          |     3 |    17 |    14 ||    34
 Fire: Hunting sling     |       |     4 |       ||     4
Throw: Stone             |    19 |    57 |       ||    76
       Tomahawk          |       |     3 |     9 ||    12
 Cast: Infusion          |     4 |     8 |     1 ||    13
       Spectral Weapon   |       |    15 |    14 ||    29
  Use: Scroll            |       |    10 |       ||    10
 Stab: Sleeping          |       |     1 |       ||     1
  Eat: Chunk             |     3 |    10 |     7 ||    20
       Ration            |       |     2 |       ||     2
Armor: Skin              |    23 |    36 |    30 ||    89
Dodge: Dodged            |    54 |   100 |    48 ||   202
Block: Buckler           |       |     8 |    27 ||    35
       Rpst.: Falchion   |    19 |    29 |    25 ||    73
